[Event "Czech Open-E Teams 2022"]
[Site "Pardubice"]
[Date "2022.07.16"]
[Round "5.14"]
[White "Vyprachticky, David"]
[Black "Bartos, Jan"]
[Result "1/2-1/2"]
[ECO "C00"]
[WhiteElo "2302"]
[BlackElo "2142"]
[Annotator "ChessBase"]
[PlyCount "39"]
[EventDate "2022.07.14"]
[EventType "team-tourn"]
[EventCountry "CZE"]
[SourceTitle "playchess.com"]
[Source "ChessBase"]
[SourceQuality "1"]
[TimeControl "5400+30"]

1. e4 e6 2. b3 d5 3. Bb2 a6 4. e5 d4 5. c3 c5 6. Nf3 Nc6 7. Bd3 Nge7 8. O-O Ng6 9. Re1 Qc7 10. cxd4 cxd4 11. Bxg6 hxg6 12. Nxd4 Nxe5 13. Nxe6 Nf3+ 14. Qxf3 Qxh2+ 15. Kf1 Bxe6 16. Qxb7 Qh1+ 17. Ke2 Qh5+ 18. Kf1 Qh1+ 19. Ke2 Qh5+ 20. Kf1 1/2-1/2

[Event "Czech Open-E Teams 2022"]
[Site "Pardubice"]
[Date "2022.07.16"]
[Round "5.15"]
[White "Pokorny, Petr"]
[Black "Oresky, Jan"]
[Result "1-0"]
[ECO "A46"]
[WhiteElo "2139"]
[BlackElo "2274"]
[Annotator "ChessBase"]
[PlyCount "123"]
[EventDate "2022.07.14"]
[EventType "team-tourn"]
[EventCountry "CZE"]
[SourceTitle "playchess.com"]
[Source "ChessBase"]
[SourceQuality "1"]
[TimeControl "5400+30"]

1. d4 Nf6 2. Nf3 e6 3. Bf4 b6 4. Nbd2 Bb7 5. e3 c5 6. c3 Be7 7. h3 O-O 8. Bd3 cxd4 9. cxd4 d6 10. O-O Re8 11. Qe2 Nbd7 12. e4 a6 13. a4 Nf8 14. Bh2 Ng6 15. Rac1 Bf8 16. Rfd1 Nh5 17. Qe3 f5 18. exf5 exf5 19. Qg5 Qxg5 20. Nxg5 Nhf4 21. Bc4+ d5 22. Bf1 Bd6 23. Re1 Rxe1 24. Rxe1 Bb4 25. Ngf3 Rc8 26. Bxf4 Nxf4 27. g3 Nh5 28. Re6 Rc6 29. Rxc6 Bxc6 30. Bxa6 Bxa4 31. Bc8 g6 32. Be6+ Kf8 33. Bxd5 Nf6 34. Bc4 Bc6 35. Kf1 Ke7 36. Ke2 Kd6 37. Ne5 Bg2 38. h4 Bb7 39. Nd3 Bxd2 40. Kxd2 Bd5 41. Ne5 Ne4+ 42. Ke3 Nf6 43. f3 Nh5 44. g4 fxg4 45. fxg4 Nf6 46. Kf4 Bxc4 47. Nxc4+ Kd5 48. Nxb6+ Kxd4 49. Kg5 Ng8 50. Nd7 h5 51. gxh5 gxh5 52. Nb6 Ne7 53. Kxh5 Kc5 54. Na4+ Kc4 55. Nc3 Kb3 56. Nd1 Kc2 57. Kg5 Kxd1 58. h5 Kc2 59. h6 Nc6 60. h7 Ne5 61. b4 Kd3 62. b5 1-0

[Event "Czech Open-E Teams 2022"]
[Site "Pardubice"]
[Date "2022.07.16"]
[Round "5.16"]
[White "Cuhra, Martin"]
[Black "Lamser, Jan"]
[Result "1-0"]
[ECO "B00"]
[WhiteElo "2225"]
[BlackElo "2124"]
[Annotator "ChessBase"]
[PlyCount "47"]
[EventDate "2022.07.14"]
[EventType "team-tourn"]
[EventCountry "CZE"]
[SourceTitle "playchess.com"]
[Source "ChessBase"]
[SourceQuality "1"]
[TimeControl "5400+30"]

1. e4 d6 2. d4 Nf6 3. f3 Nbd7 4. c4 e5 5. d5 Be7 6. Nc3 c6 7. Be3 a6 8. Nge2 cxd5 9. cxd5 Nh5 10. Qd2 h6 11. O-O-O Bg5 12. g4 Bxe3 13. Qxe3 Nhf6 14. Ng3 g6 15. h4 h5 16. Be2 Nc5 17. Rdg1 b5 18. gxh5 Nxh5 19. Nxh5 gxh5 20. Kb1 b4 21. Nd1 Qf6 22. Rg5 Bd7 23. Nf2 Qh6 24. Rg8+ 1-0

[Event "Czech Open-E Teams 2022"]
[Site "Pardubice"]
[Date "2022.07.16"]
[Round "5.17"]
[White "Eret, Matous"]
[Black "Sramek, Vojtech"]
[Result "0-1"]
[ECO "B50"]
[WhiteElo "2273"]
[BlackElo "2249"]
[Annotator "ChessBase"]
[PlyCount "62"]
[EventDate "2022.07.14"]
[EventType "team-tourn"]
[EventCountry "CZE"]
[SourceTitle "playchess.com"]
[Source "ChessBase"]
[SourceQuality "1"]
[TimeControl "5400+30"]

1. e4 c5 2. Nf3 d6 3. d3 Nc6 4. Nbd2 g6 5. g3 Bg7 6. Bg2 e5 7. c3 Nge7 8. O-O O-O 9. a4 h6 10. Nc4 Be6 11. Re1 Qd7 12. Rb1 f5 13. exf5 Rxf5 14. Ne3 Rf7 15. b4 cxb4 16. cxb4 Raf8 17. Rf1 Bh3 18. Nd2 Nd4 19. Bb2 Bxg2 20. Kxg2 Ndf5 21. Nxf5 Rxf5 22. b5 Kh7 23. Nc4 Nd5 24. h4 h5 25. d4 e4 26. Qe2 Rf4 27. Kh2 Rxh4+ 28. gxh4 Rf3 29. Qxf3 exf3 30. Rg1 Qe7 31. Kg3 Qe4 0-1

[Event "Czech Open-E Teams 2022"]
[Site "Pardubice"]
[Date "2022.07.16"]
[Round "5.18"]
[White "Lojek, Marek"]
[Black "Eret, Jonas"]
[Result "1/2-1/2"]
[ECO "B07"]
[WhiteElo "2142"]
[BlackElo "2219"]
[Annotator "ChessBase"]
[PlyCount "26"]
[EventDate "2022.07.14"]
[EventType "team-tourn"]
[EventCountry "CZE"]
[SourceTitle "playchess.com"]
[Source "ChessBase"]
[SourceQuality "1"]
[TimeControl "5400+30"]

1. e4 d6 2. d4 Nf6 3. Nc3 e5 4. dxe5 dxe5 5. Qxd8+ Kxd8 6. Bc4 Be6 7. Bxe6 fxe6 8. Nf3 Bd6 9. h3 Nc6 10. Be3 a6 11. O-O-O Ke7 12. Nd2 b5 13. Ne2 Rhf8 1/2-1/2

[Event "Czech Open-E Teams 2022"]
[Site "Pardubice"]
[Date "2022.07.16"]
[Round "5.19"]
[White "Simet, Martin"]
[Black "Husek, Martin"]
[Result "0-1"]
[ECO "A01"]
[WhiteElo "2155"]
[BlackElo "2132"]
[Annotator "ChessBase"]
[PlyCount "74"]
[EventDate "2022.07.14"]
[EventType "team-tourn"]
[EventCountry "CZE"]
[SourceTitle "playchess.com"]
[Source "ChessBase"]
[SourceQuality "1"]
[TimeControl "5400+30"]

1. b3 e5 2. Bb2 Nc6 3. e3 Nf6 4. Bb5 Bd6 5. Na3 Na5 6. Be2 a6 7. c4 Be7 8. Nc2 Nc6 9. d4 exd4 10. exd4 d5 11. Nf3 O-O 12. O-O Be6 13. Ne3 h6 14. Rc1 Qe8 15. Qc2 Rd8 16. Rfe1 Nb8 17. Nf5 Bb4 18. Bd3 Bxe1 19. Rxe1 Nc6 20. Ba3 Qd7 21. Ne5 Nxe5 22. dxe5 dxc4 23. Ne7+ Kh8 24. exf6 Qxd3 25. Qc1 c3 26. Bb4 c2 27. Qb2 g6 28. h4 h5 29. Qc1 Kh7 30. Qg5 Qd1 31. Kh2 Qg4 32. Qc5 b6 33. Qc3 Qf4+ 34. Kg1 c5 35. Ba3 Qd2 36. Qa1 Qxe1+ 37. Qxe1 Rd1 0-1

[Event "Czech Open-E Teams 2022"]
[Site "Pardubice"]
[Date "2022.07.16"]
[Round "5.20"]
[White "Walica, Roman"]
[Black "Rut, Vojtech"]
[Result "0-1"]
[ECO "B12"]
[WhiteElo "2123"]
[BlackElo "2080"]
[Annotator "ChessBase"]
[PlyCount "54"]
[EventDate "2022.07.14"]
[EventType "team-tourn"]
[EventCountry "CZE"]
[SourceTitle "playchess.com"]
[Source "ChessBase"]
[SourceQuality "1"]
[TimeControl "5400+30"]

1. e4 c6 2. d4 d5 3. e5 Bf5 4. h4 h6 5. Bd3 Bxd3 6. Qxd3 Qa5+ 7. Nd2 Qa6 8. c4 e6 9. Ngf3 Ne7 10. O-O Nd7 11. b3 Nf5 12. Bb2 g5 13. hxg5 hxg5 14. Nxg5 Be7 15. f4 c5 16. Ndf3 Nb6 17. Rfc1 dxc4 18. bxc4 cxd4 19. g4 Ne3 20. Nxd4 Bxg5 21. Qxe3 Be7 22. Nb5 O-O-O 23. a4 Rh4 24. c5 Rxg4+ 25. Kf2 Nd5 26. Nd6+ Kb8 27. c6 Bh4+ 0-1

[Event "Czech Open-E Teams 2022"]
[Site "Pardubice"]
[Date "2022.07.16"]
[Round "5.21"]
[White "Vojta, Jakub"]
[Black "Marsalek, Zdenek"]
[Result "1/2-1/2"]
[ECO "C41"]
[WhiteElo "2326"]
[BlackElo "2195"]
[Annotator "ChessBase"]
[PlyCount "72"]
[EventDate "2022.07.14"]
[EventType "team-tourn"]
[EventCountry "CZE"]
[SourceTitle "playchess.com"]
[Source "ChessBase"]
[SourceQuality "1"]
[TimeControl "5400+30"]

1. e4 d6 2. d4 Nf6 3. Nc3 e5 4. Nf3 Nbd7 5. g4 g6 6. h3 Bg7 7. Be3 O-O 8. Qd2 Qe7 9. Bg2 c6 10. g5 Nh5 11. O-O-O Nb6 12. Qe2 Be6 13. d5 cxd5 14. Nxd5 Nxd5 15. exd5 Bd7 16. Nd2 Rfe8 17. Bf3 Bf5 18. Bxh5 Rac8 19. c3 gxh5 20. f3 Qd7 21. Ne4 Bg6 22. b3 Bxe4 23. fxe4 Rxc3+ 24. Kb2 Rec8 25. Rc1 Rxc1 26. Bxc1 Qc7 27. Qd3 a6 28. Be3 Qd7 29. Qe2 Bf8 30. Qxh5 Qb5 31. Qd1 Be7 32. h4 Bd8 33. Rh2 Bb6 34. Bxb6 Qxb6 35. Rc2 Rxc2+ 36. Qxc2 Qd4+ 1/2-1/2

[Event "Czech Open-E Teams 2022"]
[Site "Pardubice"]
[Date "2022.07.16"]
[Round "5.22"]
[White "Duran, Tomas"]
[Black "Virostko, Petr"]
[Result "1/2-1/2"]
[ECO "B40"]
[WhiteElo "2108"]
[BlackElo "2326"]
[Annotator "ChessBase"]
[PlyCount "84"]
[EventDate "2022.07.14"]
[EventType "team-tourn"]
[EventCountry "CZE"]
[SourceTitle "playchess.com"]
[Source "ChessBase"]
[SourceQuality "1"]
[TimeControl "5400+30"]

1. e4 c5 2. Nf3 e6 3. c3 d5 4. exd5 exd5 5. d4 Nc6 6. Be2 Bd6 7. O-O Nge7 8. dxc5 Bxc5 9. Nbd2 O-O 10. Nb3 Bb6 11. Nbd4 Bg4 12. Be3 Re8 13. Re1 Ng6 14. h3 Bxf3 15. Bxf3 Nh4 16. Nc2 Nxf3+ 17. Qxf3 Ne5 18. Qg3 Nc4 19. Bg5 Rxe1+ 20. Rxe1 f6 21. Bc1 Qd7 22. b3 Nd6 23. Qd3 Qf5 24. Qxf5 Nxf5 25. Ne3 Re8 26. Kf1 Nxe3+ 27. Bxe3 Bxe3 28. fxe3 Rc8 29. Rc1 Kf7 30. Ke2 Ke6 31. Kd3 Ke5 32. Rf1 Rc6 33. Rf4 Rc7 34. Rd4 f5 35. Rh4 g6 36. Rb4 g5 37. h4 h6 38. a4 f4 39. hxg5 hxg5 40. exf4+ gxf4 41. g3 fxg3 42. Rg4 Rh7 1/2-1/2

[Event "Czech Open-E Teams 2022"]
[Site "Pardubice"]
[Date "2022.07.16"]
[Round "5.23"]
[White "Nytra, Ondrej"]
[Black "Duda, Antonin"]
[Result "1-0"]
[ECO "C89"]
[WhiteElo "2214"]
[BlackElo "2038"]
[Annotator "ChessBase"]
[PlyCount "81"]
[EventDate "2022.07.14"]
[EventType "team-tourn"]
[EventCountry "CZE"]
[SourceTitle "playchess.com"]
[Source "ChessBase"]
[SourceQuality "1"]
[TimeControl "5400+30"]

1. e4 e5 2. Nf3 Nc6 3. Bb5 a6 4. Ba4 Nf6 5. O-O Be7 6. Re1 b5 7. Bb3 O-O 8. c3 d5 9. exd5 Nxd5 10. Nxe5 Nxe5 11. Rxe5 c6 12. d4 Bd6 13. Re1 Qh4 14. g3 Qh3 15. Re4 g5 16. Qf1 Qh6 17. Nd2 f5 18. Re1 Kh8 19. c4 Nf6 20. c5 Bb8 21. Nf3 f4 22. Bd2 Ra7 23. Be6 Qh5 24. Bxc8 Qxf3 25. Be6 Qh5 26. Qe2 g4 27. Bxf4 Bxf4 28. gxf4 Rg7 29. Qe5 Qh4 30. Re3 Nh5 31. f5 Qg5 32. Re4 Nf6 33. Re3 Nh5 34. Rae1 h6 35. Qd6 Rd8 36. Qxc6 Rxd4 37. Qe8+ Kh7 38. Bf7 Nf4 39. Re7 h5 40. Qg8+ Kh6 41. R7e6+ 1-0

[Event "Czech Open-E Teams 2022"]
[Site "Pardubice"]
[Date "2022.07.16"]
[Round "5.24"]
[White "Sykora, Ondrej"]
[Black "Vojta, Tomas"]
[Result "1/2-1/2"]
[ECO "D04"]
[WhiteElo "2099"]
[BlackElo "2319"]
[Annotator "ChessBase"]
[PlyCount "150"]
[EventDate "2022.07.14"]
[EventType "team-tourn"]
[EventCountry "CZE"]
[SourceTitle "playchess.com"]
[Source "ChessBase"]
[SourceQuality "1"]
[TimeControl "5400+30"]

1. Nf3 d5 2. d4 Nf6 3. e3 Bg4 4. b3 e6 5. Bb2 Nbd7 6. Nbd2 Ne4 7. Be2 Bb4 8. O-O Nc3 9. Qe1 Nxe2+ 10. Qxe2 c6 11. c3 Be7 12. c4 O-O 13. e4 Bb4 14. Qd3 dxe4 15. Nxe4 Bf5 16. Qe3 Re8 17. Ng3 Bg6 18. Rfd1 Qc7 19. Nh4 Bd6 20. Nxg6 hxg6 21. Qf3 Rad8 22. Nf1 Nf6 23. g3 Be7 24. Ne3 Rd7 25. Rac1 Qa5 26. a4 Red8 27. Nc2 Ne8 28. Bc3 Qc7 29. Rd3 Bf6 30. Rcd1 Qb6 31. Ba1 a5 32. Kg2 Qc7 33. Ne3 c5 34. Nc2 cxd4 35. Bxd4 Qc6 36. R3d2 Qxf3+ 37. Kxf3 Bg5 38. Re2 Nc7 39. Kg4 Be7 40. Red2 f5+ 41. Kh3 Bc5 42. Kg2 Na6 43. Bc3 Rxd2 44. Rxd2 Rxd2 45. Bxd2 b6 46. f4 Kf7 47. Bc3 Be7 48. Bd4 Nc5 49. Ne1 Bf6 50. Be3 Ke7 51. Bxc5+ bxc5 52. Nf3 Kd6 53. g4 fxg4 54. Nd2 Bh4 55. Ne4+ Kc6 56. Kf1 Bf6 57. Kf2 e5 58. Kg3 exf4+ 59. Kxf4 Bd4 60. Kxg4 Be3 61. Kf3 Bd4 62. Kf4 Bf6 63. Nd2 Be7 64. Ke4 Kd6 65. Nf3 Bf6 66. h3 Ke6 67. Ne1 Be7 68. Nd3 Bd6 69. Ne1 Be7 70. Nc2 Bg5 71. Na3 Bf6 72. Nb5 Be5 73. Na3 Bf6 74. Nc2 Bg5 75. Ne1 Be7 1/2-1/2

[Event "Czech Open-E Teams 2022"]
[Site "Pardubice"]
[Date "2022.07.16"]
[Round "5.25"]
[White "Vymazal, Bronislav"]
[Black "Cukrowski, Filip"]
[Result "0-1"]
[ECO "C02"]
[WhiteElo "2378"]
[BlackElo "2378"]
[Annotator "ChessBase"]
[PlyCount "116"]
[EventDate "2022.07.14"]
[EventType "team-tourn"]
[EventCountry "CZE"]
[SourceTitle "playchess.com"]
[Source "ChessBase"]
[SourceQuality "1"]
[TimeControl "5400+30"]

1. e4 e6 2. d4 d5 3. e5 c5 4. c3 Nc6 5. Nf3 Bd7 6. Na3 cxd4 7. cxd4 Qb6 8. Nc2 Nb4 9. Nxb4 Bxb4+ 10. Bd2 Ne7 11. Bd3 Nc6 12. Bxb4 Nxb4 13. Be2 Bb5 14. O-O Bxe2 15. Qxe2 Rc8 16. a3 Nc6 17. b4 O-O 18. Qd3 h6 19. Rac1 a5 20. b5 Ne7 21. a4 Rc7 22. Qa3 Rfc8 23. Rxc7 Qxc7 24. Nd2 Nf5 25. Nb3 Qd8 26. Rc1 Rc4 27. g3 b6 28. Kg2 Qc7 29. Qb2 Rxc1 30. Qxc1 Qxc1 31. Nxc1 Nxd4 32. f4 g5 33. Kf2 gxf4 34. gxf4 Kg7 35. Ke3 Nf5+ 36. Kf3 Kg6 37. Ne2 Kh5 38. h3 Kh4 39. Kg2 Ne3+ 40. Kf3 Nc4 41. Nd4 Kh5 42. Nc6 Kg6 43. Ne7+ Kg7 44. Nc6 Kf8 45. Kg4 d4 46. Nxd4 Nb2 47. Kh5 Nxa4 48. Kxh6 Nc3 49. h4 a4 50. h5 a3 51. Kh7 Nxb5 52. Nc2 a2 53. Kh8 Nd4 54. Na1 Nf5 55. Nb3 b5 56. Na1 b4 57. Nb3 Nd4 58. Na1 b3 0-1

[Event "Czech Open-E Teams 2022"]
[Site "Pardubice"]
[Date "2022.07.16"]
[Round "5.26"]
[White "Butkiewicz, Lukasz"]
[Black "Svoboda, Karel"]
[Result "1-0"]
[ECO "D35"]
[WhiteElo "2370"]
[BlackElo "1962"]
[Annotator "ChessBase"]
[PlyCount "95"]
[EventDate "2022.07.14"]
[EventType "team-tourn"]
[EventCountry "CZE"]
[SourceTitle "playchess.com"]
[Source "ChessBase"]
[SourceQuality "1"]
[TimeControl "5400+30"]

1. d4 d5 2. c4 e6 3. Nc3 Nf6 4. cxd5 Nxd5 5. e4 Nf6 6. Nf3 Be7 7. Bd3 O-O 8. O-O c5 9. dxc5 Bxc5 10. Bg5 Be7 11. Qe2 Nfd7 12. Bxe7 Qxe7 13. e5 Rd8 14. Rad1 Nf8 15. Nb5 Nc6 16. Nd6 Ng6 17. Bxg6 hxg6 18. Qe4 a5 19. Qf4 Bd7 20. Ng5 f6 21. exf6 gxf6 22. Nge4 f5 23. Nxb7 fxe4 24. Nxd8 Rxd8 25. Qxe4 Be8 26. h3 Rxd1 27. Rxd1 e5 28. a3 Kg7 29. Qe3 Qf6 30. Re1 Bf7 31. Qc5 a4 32. Re3 Bb3 33. Rf3 Qe6 34. Qf8+ Kh7 35. Rc3 Qd5 36. h4 e4 37. Qf6 Ne5 38. Rc7+ Nf7 39. Qf4 Qf5 40. Qe3 Qe5 41. Rc5 Qxb2 42. h5 Qb1+ 43. Kh2 g5 44. Qh3 e3 45. Qxe3 Bc2 46. Rc7 Qb8 47. Qg3 Kg8 48. Rxc2 1-0

[Event "Czech Open-E Teams 2022"]
[Site "Pardubice"]
[Date "2022.07.16"]
[Round "5.27"]
[White "Kubat, Pavel"]
[Black "Kulon, Klaudia"]
[Result "0-1"]
[ECO "E62"]
[WhiteElo "1881"]
[BlackElo "2286"]
[Annotator "ChessBase"]
[PlyCount "64"]
[EventDate "2022.07.14"]
[EventType "team-tourn"]
[EventCountry "CZE"]
[SourceTitle "playchess.com"]
[Source "ChessBase"]
[SourceQuality "1"]
[TimeControl "5400+30"]

1. d4 Nf6 2. Nf3 g6 3. g3 Bg7 4. Bg2 O-O 5. O-O d6 6. c4 Nc6 7. Nc3 e5 8. d5 Nb8 9. Nd2 a5 10. b3 Na6 11. Bb2 Ne8 12. a3 Bd7 13. Na2 Nc5 14. Ne4 b6 15. Nac3 Na6 16. h4 h6 17. Nb5 f5 18. Nd2 g5 19. hxg5 Qxg5 20. e3 e4 21. Bxg7 Kxg7 22. Nd4 Nf6 23. Ne2 h5 24. Re1 h4 25. Nf1 Rh8 26. Nf4 Kf7 27. Ra2 Rag8 28. gxh4 Qxh4 29. Ng3 Rxg3 30. fxg3 Qxg3 31. Ree2 Ng4 32. Qd4 Rh1+ 0-1

[Event "Czech Open-E Teams 2022"]
[Site "Pardubice"]
[Date "2022.07.16"]
[Round "5.28"]
[White "Mondrzycki, Bartlomiej"]
[Black "Sysel, Michal"]
[Result "1-0"]
[ECO "A48"]
[WhiteElo "2180"]
[BlackElo "1864"]
[Annotator "ChessBase"]
[PlyCount "66"]
[EventDate "2022.07.14"]
[EventType "team-tourn"]
[EventCountry "CZE"]
[SourceTitle "playchess.com"]
[Source "ChessBase"]
[SourceQuality "1"]
[TimeControl "5400+30"]

1. d4 Nf6 2. Nf3 g6 3. Bg5 Bg7 4. c3 d5 5. e3 c6 6. Nbd2 Qb6 7. Qb3 Qxb3 8. axb3 Nbd7 9. b4 O-O 10. Be2 Re8 11. O-O e5 12. Nb3 Ne4 13. Bh4 f6 14. Nfd2 Nxd2 15. Nxd2 exd4 16. cxd4 f5 17. Bf3 Nf6 18. b5 Ne4 19. Bxe4 fxe4 20. bxc6 bxc6 21. Rfc1 Bd7 22. Bg3 Kf7 23. Ra6 Rec8 24. Nb3 Bf8 25. h3 Be7 26. Be5 Be8 27. Kh2 Bd7 28. f4 Be8 29. g4 Bd7 30. Kg3 h5 31. Rca1 hxg4 32. hxg4 Rh8 33. Bxh8 Rxh8 1-0

[Event "Czech Open-E Teams 2022"]
[Site "Pardubice"]
[Date "2022.07.16"]
[Round "5.29"]
[White "Lajbl, Jan"]
[Black "Cech, Pavel"]
[Result "1/2-1/2"]
[ECO "C05"]
[WhiteElo "2212"]
[BlackElo "2358"]
[Annotator "ChessBase"]
[PlyCount "23"]
[EventDate "2022.07.14"]
[EventType "team-tourn"]
[EventCountry "CZE"]
[SourceTitle "playchess.com"]
[Source "ChessBase"]
[SourceQuality "1"]
[TimeControl "5400+30"]

1. e4 e6 2. d4 d5 3. Nd2 Nf6 4. e5 Nfd7 5. f4 c5 6. c3 Nc6 7. Ndf3 Qb6 8. a3 Be7 9. b4 cxd4 10. cxd4 O-O 11. Bd3 f6 12. Ne2 1/2-1/2

[Event "Czech Open-E Teams 2022"]
[Site "Pardubice"]
[Date "2022.07.16"]
[Round "5.30"]
[White "Sodoma, Jan"]
[Black "Novotny, Jaroslav"]
[Result "1-0"]
[ECO "A04"]
[WhiteElo "2312"]
[BlackElo "2169"]
[Annotator "ChessBase"]
[PlyCount "77"]
[EventDate "2022.07.14"]
[EventType "team-tourn"]
[EventCountry "CZE"]
[SourceTitle "playchess.com"]
[Source "ChessBase"]
[SourceQuality "1"]
[TimeControl "5400+30"]

1. Nf3 g6 2. e4 Bg7 3. d4 d6 4. Bc4 a6 5. Qe2 e6 6. a4 b6 7. Nc3 Ne7 8. Bf4 h6 9. h4 Nd7 10. Rd1 Bb7 11. O-O g5 12. hxg5 Ng6 13. Bc1 hxg5 14. Bxg5 Bf6 15. Qe3 Rh5 16. Bf4 Qe7 17. g4 Rh3 18. Bg3 O-O-O 19. Kg2 Rdh8 20. Rh1 Rxh1 21. Rxh1 Rxh1 22. Kxh1 Qf8 23. Kg1 Qh8 24. b4 e5 25. Ne2 exd4 26. Nexd4 Nde5 27. Nxe5 Nxe5 28. Be2 Kb8 29. Nf5 Qe8 30. b5 axb5 31. axb5 Ng6 32. Nxd6 cxd6 33. Bxd6+ Kc8 34. Qxb6 Bd8 35. Qc5+ Kd7 36. Bd3 Qe6 37. Bg3 Bxe4 38. Qd4+ Bd5 39. Bf5 1-0

[Event "Czech Open-E Teams 2022"]
[Site "Pardubice"]
[Date "2022.07.16"]
[Round "5.31"]
[White "Zelbova, Lada"]
[Black "Vitak, Jiri"]
[Result "1-0"]
[ECO "A43"]
[WhiteElo "1898"]
[BlackElo "2223"]
[Annotator "ChessBase"]
[PlyCount "55"]
[EventDate "2022.07.14"]
[EventType "team-tourn"]
[EventCountry "CZE"]
[SourceTitle "playchess.com"]
[Source "ChessBase"]
[SourceQuality "1"]
[TimeControl "5400+30"]

1. d4 Nf6 2. Nf3 c5 3. d5 e6 4. Nc3 exd5 5. Nxd5 Nxd5 6. Qxd5 d6 7. Bf4 Nc6 8. Ng5 Qf6 9. e3 Be6 10. Nxe6 fxe6 11. Qb3 O-O-O 12. O-O-O d5 13. Bb5 Nb8 14. h4 Be7 15. Bxb8 Kxb8 16. Bc6 b6 17. e4 d4 18. Kb1 Rhf8 19. e5 Qxe5 20. Rhe1 Qc7 21. Rxe6 Rd6 22. Rde1 Rxe6 23. Qxe6 Bf6 24. Bf3 a6 25. Qd5 Ka7 26. Re6 Rd8 27. Qe4 Qb8 28. Re7+ 1-0

[Event "Czech Open-E Teams 2022"]
[Site "Pardubice"]
[Date "2022.07.16"]
[Round "5.32"]
[White "Sykora, Marek"]
[Black "Kabelka, Ondrej"]
[Result "1-0"]
[ECO "C02"]
[WhiteElo "2240"]
[BlackElo "2014"]
[Annotator "ChessBase"]
[PlyCount "107"]
[EventDate "2022.07.14"]
[EventType "team-tourn"]
[EventCountry "CZE"]
[SourceTitle "playchess.com"]
[Source "ChessBase"]
[SourceQuality "1"]
[TimeControl "5400+30"]

1. e4 e6 2. d4 d5 3. e5 c5 4. c3 Qb6 5. Nf3 Bd7 6. Be2 Bb5 7. O-O Bxe2 8. Qxe2 Nc6 9. Be3 Nh6 10. dxc5 Bxc5 11. Bxh6 gxh6 12. b4 Bf8 13. a3 Bg7 14. Nbd2 O-O 15. Rac1 Rac8 16. Rfe1 Rfd8 17. h3 Ne7 18. Nd4 Ng6 19. N2f3 Rc4 20. h4 Rdc8 21. h5 Ne7 22. Qd3 Nc6 23. Nd2 Nxe5 24. Qg3 Nd7 25. Nxc4 Rxc4 26. a4 Nf6 27. a5 Qd8 28. Qf3 Ne4 29. Red1 Qh4 30. g3 Qg5 31. Rc2 Qe5 32. Rd3 Ng5 33. Qe2 Ne4 34. Kg2 a6 35. Qf3 Qc7 36. Ne2 Rxb4 37. cxb4 Qxc2 38. Qe3 Qc4 39. f3 Nd6 40. Qd2 Nf5 41. g4 Ne7 42. Nd4 Nc6 43. Nxc6 Qxc6 44. Rb3 d4 45. Qd3 Be5 46. Qe4 Qd6 47. Rd3 Bh2 48. Qxd4 Qg3+ 49. Kf1 e5 50. Qf2 Qf4 51. Kg2 Kg7 52. Rd1 f5 53. Rh1 fxg4 54. Rxh2 1-0

[Event "Czech Open-E Teams 2022"]
[Site "Pardubice"]
[Date "2022.07.16"]
[Round "5.33"]
[White "Petr, Martin"]
[Black "Walek, Petr"]
[Result "1-0"]
[ECO "A48"]
[WhiteElo "2500"]
[BlackElo "2237"]
[Annotator "ChessBase"]
[PlyCount "81"]
[EventDate "2022.07.14"]
[EventType "team-tourn"]
[EventCountry "CZE"]
[SourceTitle "playchess.com"]
[Source "ChessBase"]
[SourceQuality "1"]
[TimeControl "5400+30"]

1. Nf3 g6 2. d4 Nf6 3. c4 Bg7 4. Nc3 O-O 5. e3 c5 6. Be2 cxd4 7. exd4 d5 8. O-O Nc6 9. h3 h6 10. Be3 Be6 11. b3 Rc8 12. Rc1 Na5 13. c5 Ne4 14. Ne5 Nc6 15. Nxc6 Rxc6 16. b4 f5 17. Bf4 g5 18. Be5 f4 19. Bf3 Bf5 20. Bxg7 Kxg7 21. Re1 Nxc3 22. Rxc3 Rcf6 23. b5 b6 24. c6 Qc7 25. Bxd5 Rd8 26. Bf3 Rfd6 27. d5 e6 28. Qd4+ Kg6 29. Qe5 exd5 30. Bxd5 Qg7 31. Bf3 Qxe5 32. Rxe5 Kf6 33. Rxf5+ Kxf5 34. c7 Re8 35. c8=Q+ Rxc8 36. Rxc8 Rd2 37. Rc6 Rxa2 38. Rxh6 Rb2 39. Bg4+ Ke4 40. Re6+ Kd4 41. Be2 1-0

[Event "Czech Open-E Teams 2022"]
[Site "Pardubice"]
[Date "2022.07.16"]
[Round "5.34"]
[White "Kratochvil, Vit"]
[Black "Neuman, Petr"]
[Result "0-1"]
[ECO "A10"]
[WhiteElo "2237"]
[BlackElo "2378"]
[Annotator "ChessBase"]
[PlyCount "96"]
[EventDate "2022.07.14"]
[EventType "team-tourn"]
[EventCountry "CZE"]
[SourceTitle "playchess.com"]
[Source "ChessBase"]
[SourceQuality "1"]
[TimeControl "5400+30"]

1. c4 d6 2. g3 e5 3. Bg2 g6 4. d4 Nd7 5. Nf3 Bg7 6. Nc3 Ngf6 7. O-O O-O 8. Qc2 c6 9. Rd1 Re8 10. Rb1 a5 11. a3 e4 12. Ng5 e3 13. Bxe3 Rxe3 14. fxe3 Ng4 15. Nge4 Nxe3 16. Qd2 Nxd1 17. Rxd1 Nb6 18. c5 Nc4 19. Qc1 d5 20. b3 dxe4 21. bxc4 f5 22. e3 a4 23. Qc2 b6 24. Nxa4 bxc5 25. dxc5 Qf8 26. Nb6 Rxa3 27. Rd6 Be5 28. Rxc6 Bb7 29. Nd7 Qe7 30. Nxe5 Bxc6 31. Nxc6 Qxc5 32. Qb2 Qxe3+ 33. Qf2 Qxf2+ 34. Kxf2 Ra2+ 35. Kf1 Rc2 36. Ne5 Kg7 37. g4 Kf6 38. Nd7+ Kg5 39. gxf5 gxf5 40. Nb6 Kf4 41. Nd5+ Ke5 42. Ne3 Rc3 43. Kf2 f4 44. Ng4+ Kd4 45. Bf1 Rc2+ 46. Ke1 f3 47. Nf2 e3 48. Ng4 Rc1# 0-1

[Event "Czech Open-E Teams 2022"]
[Site "Pardubice"]
[Date "2022.07.16"]
[Round "5.35"]
[White "Wasserbauer, Radek"]
[Black "Ruzicka, Josef"]
[Result "1-0"]
[ECO "B91"]
[WhiteElo "2164"]
[BlackElo "2177"]
[Annotator "ChessBase"]
[PlyCount "63"]
[EventDate "2022.07.14"]
[EventType "team-tourn"]
[EventCountry "CZE"]
[SourceTitle "playchess.com"]
[Source "ChessBase"]
[SourceQuality "1"]
[TimeControl "5400+30"]

1. e4 c5 2. Nf3 d6 3. d4 cxd4 4. Nxd4 Nf6 5. Nc3 a6 6. g3 e5 7. Nb3 Be6 8. Bg2 Be7 9. O-O Nbd7 10. Nd5 Rc8 11. Be3 Nxd5 12. exd5 Bf5 13. Rc1 Bg5 14. Re1 Bxe3 15. Rxe3 O-O 16. c4 Qb6 17. Qd2 Rc7 18. Bf1 Rfc8 19. Rd1 Bg4 20. Rde1 f5 21. h3 Bh5 22. f4 g5 23. Kh2 h6 24. fxe5 Nxe5 25. Rxe5 dxe5 26. Rxe5 Rxc4 27. Bxc4 Rxc4 28. d6 Bd1 29. Qd5+ Kh8 30. Re8+ Kg7 31. Qg8+ Kf6 32. Re6# 1-0

[Event "Czech Open-E Teams 2022"]
[Site "Pardubice"]
[Date "2022.07.16"]
[Round "5.36"]
[White "Kosut, Tomas"]
[Black "Cozl, David"]
[Result "1-0"]
[ECO "B12"]
[WhiteElo "1820"]
[BlackElo "1947"]
[Annotator "ChessBase"]
[PlyCount "53"]
[EventDate "2022.07.14"]
[EventType "team-tourn"]
[EventCountry "CZE"]
[SourceTitle "playchess.com"]
[Source "ChessBase"]
[SourceQuality "1"]
[TimeControl "5400+30"]

1. e4 c6 2. d4 d5 3. e5 Bf5 4. c3 e6 5. Bd3 Bxd3 6. Qxd3 c5 7. Nf3 Nc6 8. O-O Qc7 9. dxc5 Bxc5 10. Bg5 Nge7 11. Bxe7 Bxe7 12. Nbd2 O-O 13. Rfe1 Rac8 14. h4 Qb6 15. Nb3 a5 16. Rab1 Rc7 17. Ng5 g6 18. Qg3 Rfc8 19. h5 Bf8 20. hxg6 hxg6 21. Qh3 Bg7 22. Nxe6 fxe6 23. Qxe6+ Kh7 24. Re3 Rf8 25. Rh3+ Bh6 26. Nd4 Qc5 27. Rxh6+ 1-0